 Dungeon Crawl Stone Soup version 0.20.0 (webtiles) character file.

2100 Llamajah the Nimble (level 9, -10/108 HPs)
             Began as a Barachi Fighter on June 27, 2017.
             Was a Follower of Okawaru.
             Mangled by Pikel
             ... wielding a +0 whip of electrocution
              (17 damage)
             ... on level 7 of the Dungeon.
             The game lasted 00:16:41 (6845 turns).

Llamajah the Nimble (Barachi Fighter)               Turns: 6845, Time: 00:16:42

Health: -10/108    AC: 24    Str: 21    XL:     9   Next: 28%
Magic:  9/9        EV:  2    Int:  9    God:    Okawaru [*.....]
Gold:   409        SH: 10    Dex: 16    Spells: 8/8 levels left

rFire    . . .     SeeInvis .   a - +0 long sword
rCold    . . .     Gourm    +   c - +0 shield
rNeg     + + +     Faith    .   (armour currently unavailable)
rPois    +         Spirit   .   (helmet currently unavailable)
rElec    .         Reflect  .   (cloak currently unavailable)
rCorr    .         Harm     .   (gloves currently unavailable)
MR       +....     NoTele   +   (boots currently unavailable)
Stlth    +.........             d - amulet of the gourmand
Regen    0.3/turn               j - +5 ring of dexterity
MPRegen  0.2/turn               u - ring of protection from magic

@: tree-form
A: +LOS, swims
a: Heroism, Renounce Religion


You were on level 7 of the Dungeon.
You worshipped Okawaru.
Okawaru was aware of your devotion.
You were completely stuffed.
You were a tree.
You visited 2 branches of the dungeon, and saw 8 of its levels.
You also visited: Sewer.

You collected 409 gold pieces.

Inventory:

Hand Weapons
 a - a +0 long sword (weapon)
 E - a +1 falchion of holy wrath
Armour
 b - a +0 scale mail
 c - a +0 shield (worn)
 e - a +0 plate armour (melded)
 l - a +0 cloak (melded)
 r - a +0 helmet (melded)
Jewellery
 d - an amulet of the gourmand (around neck)
 j - a +5 ring of dexterity (left branch)
 u - a ring of protection from magic (right branch)
Wands
 D - a wand of flame (32/48)
 J - a wand of acid (7/15)
Scrolls
 g - 2 scrolls of enchant armour {unknown}
 h - 2 scrolls of fog {unknown}
 n - a scroll of immolation {unknown}
 o - 6 scrolls of fear {unknown}
 p - 8 scrolls of identify {unknown}
 w - 5 scrolls of remove curse {unknown}
 y - 7 scrolls of teleportation {unknown}
 z - 3 scrolls of amnesia {unknown}
 A - a scroll of magic mapping {unknown}
 C - 3 scrolls of recharging {unknown}
 F - a scroll of enchant weapon {unknown}
 G - a scroll of blinking {unknown}
Potions
 i - 2 potions of haste {unknown}
 m - a potion of lignification
 q - 2 potions of agility {unknown}
 s - a potion of brilliance {unknown}
 x - a potion of mutation {unknown}
 B - 2 potions of magic {unknown}
 H - 2 potions of flight {unknown}
Comestibles
 f - 2 bread rations
 t - 3 royal jellies
 v - 3 fruits
 I - 5 chunks of flesh


   Skills:
 + Level 7.2 Fighting
 + Level 6.7 Long Blades
 + Level 7.5 Armour
 * Level 8.2 Dodging
 - Level 3.2 Shields


You had 8 spell levels left.
You didn't know any spells.

Dungeon Overview and Level Annotations

Branches:
Dungeon (7/15)             Temple (1/1) D:6

Altars:
Dithmenos
Elyvilon
Fedhas
Gozag
Kikubaaqudgha
Makhleb
Nemelex Xobeh
Okawaru
Ru
Sif Muna
Trog
Uskayaw
Vehumet
Zin
The Shining One

Annotations:
D:7 Pikel


Innate Abilities, Weirdness & Mutations

Shadows flee at your approach. (+LOS)
You can swim through water.
((You cover ground slowly.))
((You can hop short distances.))


Message History

Your +0 plate armour melds into your body.
Your roots penetrate the ground.
Pikel hits you but does no damage.
You completely miss Pikel.
Pikel is almost dead.
You block Pikel's attack.
You hit Pikel but do no damage.
Pikel is almost dead.
You block Pikel's attack. Pikel hits you but does no damage.
You are electrocuted!
* * * LOW HITPOINT WARNING * * *
You closely miss Pikel.
Pikel is almost dead.
You block Pikel's attack.
You barely miss Pikel.
Pikel is almost dead.
You block Pikel's attack.
You hit Pikel but do no damage.
Pikel is almost dead.
Pikel hits you but does no damage.
You are electrocuted!
You die...

.. ##........# ..
#........# #.
#........+
#.#######........#
##...........######
..................#
##[........#####.#
....####...........#
....'.pK♣..........#
....####........>..#
#...........#
#...........#
#...........#
#...........#
#############


You could see Pikel and a slave.

Vanquished Creatures
  The ghost of spsoon the Arsonist, a novice KoFE (D:7)
  Prince Ribbit (D:6)
  A sky beast (D:5)
  Purgy (Sewer)
  3 slaves (D:7)
  An ogre (D:5)
  2 bullfrogs (D:7)
  A gnoll sergeant (D:5)
  A howler monkey (D:5)
  2 crimson imps (D:5)
  A centaur zombie (D:6)
  A quasit (D:6)
  A bullfrog skeleton (D:4)
  4 orc priests
  3 orc wizards
  An iguana (D:7)
  4 worker ants
  Robin (D:2)
  A howler monkey zombie (D:7)
  8 gnolls
  A howler monkey skeleton (D:4)
  10 adders
  A shadow imp (D:6)
  2 oozes
  An adder skeleton (D:6)
  4 dart slugs (D:1)
  10 leopard geckos
  11 orcs
  3 ball pythons
  5 giant cockroaches
  16 goblins
  10 hobgoblins
  7 jackals
  10 kobolds
  6 quokkas
  12 bats
  7 frilled lizards
  A quokka zombie (D:5)
  20 rats
176 creatures vanquished.

Vanquished Creatures (others)
  A plant (D:2)
1 creature vanquished.

Grand Total: 177 creatures vanquished

Notes
Turn   | Place    | Note
-------+----------+-------------------------------------------
     0 | D:1      | Llamajah the Barachi Fighter began the quest for the Orb.
     0 | D:1      | Reached XP level 1. HP: 18/18 MP: 1/1
    41 | D:1      | Reached XP level 2. HP: 15/25 MP: 2/2
   140 | D:1      | Reached skill level 1 in Dodging
   323 | D:1      | Reached XP level 3. HP: 23/30 MP: 3/3
   760 | D:1      | Reached skill level 2 in Dodging
  1265 | D:2      | Reached XP level 4. HP: 31/37 MP: 4/4
  1304 | D:2      | Noticed Robin
  1512 | D:2      | Killed Robin
  1606 | D:2      | Reached XP level 5. HP: 43/43 MP: 5/5
  1796 | D:2      | Reached skill level 3 in Dodging
  1892 | D:2      | Found a deep blue altar of Sif Muna.
  1898 | D:2      | Found a burning altar of Makhleb.
  1898 | D:2      | Found an opulent altar of Gozag.
  1898 | D:2      | Found a glowing golden altar of the Shining One.
  1900 | D:2      | Found a shadowy altar of Dithmenos.
  1904 | D:2      | Found an ancient bone altar of Kikubaaqudgha.
  1907 | D:2      | Found a sparkling altar of Nemelex Xobeh.
  2253 | D:3      | Reached XP level 6. HP: 36/49 MP: 6/6
  2839 | D:4      | Reached skill level 5 in Armour
  3285 | D:4      | Reached skill level 4 in Dodging
  3445 | D:4      | Reached skill level 5 in Fighting
  3924 | D:5      | Entered Level 5 of the Dungeon
  4002 | D:5      | Reached XP level 7. HP: 27/56 MP: 7/7
  4209 | D:5      | Reached skill level 5 in Dodging
  4352 | D:5      | Found a sacrificial altar of Ru.
  4432 | D:5      | Reached skill level 5 in Long Blades
  4555 | D:5      | Reached XP level 8. HP: 45/64 MP: 8/8
  5021 | D:6      | Found a glowing drain.
  5043 | Sewer    | Entered a sewer
  5071 | Sewer    | Reached skill level 6 in Dodging
  5087 | Sewer    | Noticed Purgy
  5107 | Sewer    | Killed Purgy
  5356 | D:6      | Noticed Prince Ribbit
  5377 | D:6      | Killed Prince Ribbit
  5647 | D:6      | Found a staircase to the Ecumenical Temple.
  5658 | Temple   | Entered the Ecumenical Temple
  5672 | Temple   | Became a worshipper of Warmaster Okawaru
  6091 | D:7      | Noticed spsoon's ghost (novice KoFE)
  6263 | D:7      | Killed spsoon's ghost
  6263 | D:7      | Reached * piety under Okawaru
  6263 | D:7      | Reached skill level 7 in Dodging
  6263 | D:7      | Reached XP level 9. HP: 32/72 MP: 9/9
  6275 | D:7      | Reached skill level 8 in Dodging
  6812 | D:7      | Noticed Pikel
  6845 | D:7      | Mangled by Pikel

Skill      XL: |  1  2  3  4  5  6  7  8  9 |
---------------+----------------------------+-----
Dodging        | 1 2 3 4 5 7 8 |  8.2
Long Blades    | 3 4 5 6 |  6.7
Fighting       | 4 5 7 |  7.2
Armour         | 4 5 6 7 |  7.5
Shields        | |  3.2

Action                   |  1- 3 |  4- 6 |  7- 9 || total
-------------------------+-------+-------+-------++-------
Melee: Long sword        |   176 |   278 |   319 ||   773
       Falchion          |       |       |    21 ||    21
 Abil: Hop               |       |     1 |       ||     1
  Use: Potion            |       |     1 |     5 ||     6
  Eat: Chunk             |     2 |    10 |    13 ||    25
       Fruit             |       |       |     2 ||     2
       Meat ration       |       |       |     1 ||     1
Armor: Scale mail        |    20 |       |       ||    20
       Plate armour      |   108 |   173 |   217 ||   498
       Skin              |       |       |     9 ||     9
Dodge: Dodged            |    49 |    56 |    85 ||   190
Block: Shield            |   103 |   153 |   184 ||   440
       Rpst.: Long sword |    18 |    19 |    23 ||    60
